 Dungeon Crawl Stone Soup version 0.27.1-33-g824d729ab1 (webtiles) character file.

Game seed: 14973879530367882669

1188 LLlMATKO the Cudgeller (level 8, 0/106 HPs)
             Began as a Minotaur Berserker on Dec 31, 2021.
             Was a Priest of Trog.
             Slain by a purple ugly thing (14 damage)
             ... on level 6 of the Dungeon.
             The game lasted 00:05:32 (6221 turns).

LLlMATKO the Cudgeller (Minotaur Berserker)         Turns: 6221, Time: 00:05:33

Health: 0/106      AC: 10    Str: 23    XL:     8   Next: 19%
Magic:  7/7        EV:  7    Int:  4    God:    Trog [***...]
Gold:   180        SH: 13    Dex: 11    Spells: 7/7 levels left

rFire    . . .     SeeInvis .   j - +1 whip (vamp)
rCold    . . .     Faith    .   k - +3 kite shield
rNeg     . . .     Spirit   .   b - +0 chain mail
rPois    .         Reflect  .   (helmet restricted)
rElec    .         Harm     .   (no cloak)
rCorr    .         Rampage  .   (no gloves)
Will     .....                  (no boots)
Stlth    ..........             (no amulet)
HPRegen  0.27/turn              (no ring)
MPRegen  0.10/turn              (no ring)

@: berserking (expiring), very quick
A: horns 2, retaliatory headbutt
a: Renounce Religion, Berserk, Trog's Hand


You were on level 6 of the Dungeon.
You worshipped Trog.
Trog was most pleased with you.
You visited 1 branch of the dungeon, and saw 6 of its levels.

You collected 218 gold pieces.
You spent 38 gold pieces at shops.

Inventory:

Hand Weapons
 a - a +0 mace
 j - a +1 vampiric whip (weapon)
Missiles
 f - 63 bolts
 i - 2 throwing nets (quivered)
 o - 26 poisoned darts
Armour
 b - a +0 chain mail (worn)
 k - a +3 kite shield (worn)
Wands
 c - a wand of mindburst (10)
 v - a wand of acid (8)
Scrolls
 d - a scroll of teleportation
 m - 3 scrolls of magic mapping
 q - a scroll of noise {unknown}
 s - a scroll of fog {unknown}
 t - 3 scrolls of enchant weapon {unknown}
 u - a scroll of identify
Potions
 e - a potion of might
 g - 3 potions of haste {unknown}
 h - a potion of lignification {unknown}
 l - a potion of attraction {unknown}
 n - a potion of brilliance {unknown}
 p - 2 potions of curing {unknown}
 r - 2 potions of resistance {unknown}


   Skills:
 + Level 6.4 Fighting
 + Level 6.6 Maces & Flails
 + Level 5.7 Armour
 + Level 5.1 Dodging
 + Level 4.6 Shields


You had 7 spell levels left.
You didn't know any spells.
Your spell library was empty.

Dungeon Overview and Level Annotations

Branches:
Dungeon (6/15)             Temple (0/1) D:4

Altars:
Cheibriados
Fedhas
Qazlal
Uskayaw

Shops:
D:2 ?   D:5 [


Innate Abilities, Weirdness & Mutations

You have a pair of horns on your head.
You reflexively headbutt those who attack you in melee.


Message History

You headbutt the bullfrog! The purple ugly thing headbutts you.
* * * LOW HITPOINT WARNING * * *
Unknown command.
You hit the purple ugly thing.
You feel better.
Your headbutt misses the purple ugly thing.
The purple ugly thing is lightly wounded.
The gnoll hits you but does no damage. You block the gnoll's attack.
You block the bullfrog's attack. You block the gnoll sergeant's attack.
The ogre barely misses you.
The purple ugly thing headbutts you but does no damage.
You whack the purple ugly thing!
You feel better.
You headbutt the purple ugly thing!
The purple ugly thing is moderately wounded.
You block the bullfrog's attack. The gnoll hits you but does no damage.
The gnoll barely misses you. You furiously retaliate!
You headbutt the gnoll!
You kill the gnoll!
Trog accepts your kill.
The gnoll sergeant hits you from afar with a +1 vorpal trident.
* * * LOW HITPOINT WARNING * * *
x2 You hit the purple ugly thing.
Your headbutt misses the purple ugly thing.
The purple ugly thing is heavily wounded.
The bullfrog hits you.
* * * LOW HITPOINT WARNING * * *
You block the purple ugly thing's attack.
The ogre closely misses you.
You closely miss the purple ugly thing.
The purple ugly thing is moderately wounded.
You block the sky beast's attack.
The gnoll hits you from afar with a +0 spear.
* * * LOW HITPOINT WARNING * * *
The bullfrog barely misses you. You furiously retaliate!
You headbutt the bullfrog!
You kill the bullfrog!
Trog accepts your kill.
The gnoll sergeant hits you but does no damage.
You closely miss the purple ugly thing.
The purple ugly thing is moderately wounded.
The purple ugly thing headbutts you!
You die...

#... ... ......
....#....#
##..#....########
#...............##
.................##
..................##
......Z............##
......u@)...........##
......OY.............##
.....g.g..............#
......>...............#
......................#
..............).......#
......................#
......................#
................##


You could see a purple ugly thing, a sky beast, an ogre, a gnoll sergeant, a
gnoll and a bullfrog zombie.

Vanquished Creatures
  A black bear (D:6)
  3 ogres (D:5)
  A centaur (D:5)
  A phantom (D:5)
  Blork the orc (D:5)
  A bullfrog (D:6)
  A gnoll sergeant (D:6)
  A water moccasin skeleton (D:5)
  2 centaur zombies (D:5)
  A hound (D:5)
  A jelly (D:4)
  Ijyb (D:3)
  An iguana (D:5)
  A howler monkey skeleton (D:5)
  7 adders
  7 gnolls (D:6)
  2 white imps
  An adder zombie (D:1)
  3 adder skeletons
  5 worms
  5 dart slugs
  7 orcs
  5 ball pythons
  6 bats
  7 endoplasms
  4 giant cockroaches
  13 hobgoblins
  2 quokkas
  A ball python zombie (D:1)
  2 frilled lizards
  7 goblins
  7 kobolds
  4 rats
112 creatures vanquished.

Vanquished Creatures (others)
  A fungus (D:5)
  6 plants (D:3)
7 creatures vanquished.

Grand Total: 119 creatures vanquished

Notes
Turn   | Place    | Note
-------+----------+-------------------------------------------
     0 | D:1      | LLlMATKO the Minotaur Berserker began the quest for the
                  | Orb.
     0 | D:1      | Reached XP level 1. HP: 19/19 MP: 0/0
   158 | D:1      | Reached XP level 2. HP: 18/27 MP: 1/1
   680 | D:1      | Reached XP level 3. HP: 32/33 MP: 2/2
  1521 | D:2      | Reached ** piety under Trog
  1527 | D:2      | Reached XP level 4. HP: 22/41 MP: 3/3
  2019 | D:2      | Reached skill level 1 in Shields
  2054 | D:2      | Found Cucajis's Magic Scroll Emporium.
  2058 | D:2      | Bought a scroll of magic mapping for 38 gold pieces
  2282 | D:3      | Noticed Ijyb
  2294 | D:3      | Killed Ijyb
  2624 | D:3      | Found a faded altar of an unknown god.
  2995 | D:4      | Found a hide-covered altar of Uskayaw.
  3140 | D:4      | Reached XP level 5. HP: 47/47 MP: 4/4
  3415 | D:4      | Found a snail-covered altar of Cheibriados.
  3415 | D:4      | Noticed an orc warrior
  3785 | D:4      | Found a staircase to the Ecumenical Temple.
  4117 | D:5      | Entered Level 5 of the Dungeon
  4140 | D:5      | Reached skill level 5 in Maces & Flails
  4143 | D:5      | Noticed an ogre
  4163 | D:5      | Killed an ogre
  4164 | D:5      | Reached skill level 5 in Fighting
  4164 | D:5      | Reached XP level 6. HP: 36/56 MP: 5/5
  4350 | D:5      | Found Nuicef's Antique Armour Shop.
  4350 | D:5      | Noticed Blork the orc
  4359 | D:5      | Killed Blork the orc
  4696 | D:5      | Reached *** piety under Trog
  4697 | D:5      | Reached XP level 7. HP: 59/61 MP: 6/6
  4764 | D:5      | Found a stormy altar of Qazlal.
  4915 | D:5      | Found a blossoming altar of Fedhas.
  4932 | D:5      | Reached skill level 5 in Armour
  5521 | D:5      | Found a blossoming altar of Fedhas.
  5602 | D:5      | Found Nuicef's Antique Armour Shop.
  5970 | D:6      | Reached XP level 8. HP: 58/70 MP: 7/7
  6202 | D:6      | Noticed a purple ugly thing
  6215 | D:6      | Reached skill level 5 in Dodging
  6221 | D:6      | Slain by a purple ugly thing

Illustrated notes

Levels and vault maps discovered:
D:1:      saegor_arrival_fortress, layout_basic, st_stairs_11,
          minmay_misc_feat_encased
D:2:      layout_basic, serial_shops, shop, minivault_19
D:3:      layout_loops_ring, shapermc_ecumenical_altar_rom_forum,
          guppyfry_early_lair_pool, uniq_ijyb
D:4:      layout_layer_cave, cheibriados_altar_2, nicolae_uskayaw_dance_hall,
          minmay_temple_entry_nine_rooms
D:5:      layout_rooms, fedhas_altar_3, grunt_qazlal_sundering, serial_shops,
          shop, skrybe_limestone_x, uniq_blork_the_orc
D:6:      layout_basic, chequers_temple_overflow_statue_of_worship

Skill      XL: |  1  2  3  4  5  6  7  8 |
---------------+-------------------------+-----
Fighting       | 4 5 6 |  6.4
Maces & Flails | 4 5 6 |  6.6
Armour         | 3 4 5 |  5.7
Shields        | 1 2 3 4 |  4.6
Dodging        | 3 4 5 |  5.1

Action                   |  1- 3 |  4- 6 |  7- 9 || total
-------------------------+-------+-------+-------++-------
Melee: Mace              |    39 |       |       ||    39
       Headbutt          |    17 |    29 |    22 ||    68
       Whip              |    42 |   153 |    84 ||   279
Invok: Berserk           |     1 |     4 |     2 ||     7
  Use: Scroll            |       |     5 |       ||     5
Armor: Animal skin       |    11 |       |       ||    11
       Ring mail         |    10 |     5 |       ||    15
       Chain mail        |       |    38 |    24 ||    62
Dodge: Dodged            |    34 |    28 |    36 ||    98
Block: Kite shield       |    24 |    73 |    63 ||   160
